AoeStats
← NuMa | Gacha

Fortress

510192828Analyzed
2v2 RM · 4d ago on Sep 29, 2026· 51m 55s· 4 players
Game mode
Random Map
Map size
Normal (6 player)
Population
200
Speed
Normal
Resources
Standard
Victory
Conquest
Starting age
Dark Age
Ending age
Imperial Age
RankedLock teamsTeams togetherTeam positionsShared explorationLock speedFull tech treeHidden civsTurbo modeCheats
Victory
Defeat
🇨🇴 Romans · Colombia
1081
+18
🇺🇸 Berbers · United States
1063
+18
🇩🇪 Sicilians · Germany
1117
-18
🇩🇪 Spanish · Germany
1116
-18
NuMa | Gacha
7:36 Feudal Age
11:40 Castle Age
9:35 Double-Bit Axe
12:15 Loom
14:25 Bow Saw
14:55 Wheelbarrow
14:23 Gold Mining
19:56 Horse Collar
20:49 Town Watch
22:05 Hand Cart
26:15 Imperial Age
23:37 Fletching
23:48 Padded Archer Armor
25:10 Gold Shaft Mining
25:40 Stone Mining
25:47 Bodkin Arrow
26:08 Leather Archer Armor
27:22 Heavy Scorpion
29:02 Ring Archer Armor
29:56 Ballistics
30:36 Chemistry
31:13 Conscription
31:13 Murder Holes
31:26 Siege Engineers
31:55 Ballistas
32:12 Man-at-Arms
32:53 Squires
33:06 Forging
32:57 Scale Mail Armor
33:18 Long Swordsman
34:12 Town Patrol
34:49 Iron Casting
34:32 Legionary
35:31 Chain Mail Armor
35:15 Murder Holes
36:01 Comitatenses
40:06 Blast Furnace
41:31 Heavy Plow
43:41 Elite Centurion
BigOleChunguss
7:29 Feudal Age
11:37 Castle Age
9:43 Double-Bit Axe
10:18 Horse Collar
11:17 Loom
13:00 Fletching
15:07 Bow Saw
15:50 Bodkin Arrow
18:28 Wheelbarrow
18:03 Padded Archer Armor
20:39 Stone Mining
22:07 Leather Archer Armor
26:07 Imperial Age
24:22 Hand Cart
24:49 Fortified Wall
24:53 Masonry
27:45 Ballistics
28:26 Chemistry
27:36 Bracer
28:05 Gold Mining
30:08 Murder Holes
30:41 Thumb Ring
30:02 Elite Skirmisher
32:04 Ring Archer Armor
31:52 Kasbah
33:03 Conscription
33:17 Elite Camel Archer
35:04 Stone Shaft Mining
34:18 Treadmill Crane
37:16 Hoardings
39:45 Scale Mail Armor
39:53 Scale Barding Armor
39:58 Forging
41:11 Chain Barding Armor
41:06 Bloodlines
40:18 Cavalier
41:01 Husbandry
41:38 Maghrebi Camels
43:13 Iron Casting
43:22 Plate Barding Armor
50:25 Spies/Treason
FlyeralsderMars
8:31 Feudal Age
9:48 Double-Bit Axe
9:47 Horse Collar
12:28 Castle Age
13:30 Loom
14:36 Wheelbarrow
14:16 Bow Saw
21:19 First Crusade
21:49 Padded Archer Armor
22:01 Forging
21:47 Fletching
22:57 Elite Skirmisher
26:47 Iron Casting
26:12 Scale Mail Armor
26:28 Leather Archer Armor
26:09 Bodkin Arrow
30:20 Chain Mail Armor
32:42 Imperial Age
34:13 Elite Serjeant
37:33 Blast Furnace
38:23 Plate Mail Armor
vG Crystal
7:39 Feudal Age
13:47 Castle Age
12:53 Double-Bit Axe
13:17 Loom
14:24 Horse Collar
15:26 Wheelbarrow
15:04 Bow Saw
17:09 Heavy Plow
18:13 Hand Cart
18:07 Town Watch
18:35 Town Watch
18:56 Padded Archer Armor
21:03 Bloodlines
22:55 Leather Archer Armor
23:24 Husbandry
27:30 Gold Mining
28:18 Forging
28:13 Scale Barding Armor
30:08 Iron Casting
32:35 Imperial Age
31:34 Chain Barding Armor
31:07 Fletching
31:19 Murder Holes
31:36 Masonry
31:03 Light Cavalry
32:49 Cavalier
35:08 Blast Furnace
36:00 Chemistry
35:33 Architecture
37:18 Plate Barding Armor
36:40 Hussar
38:11 Ring Archer Armor
38:45 Paladin
39:40 Capped Ram
Connection lost

Rejoining the realm…

Still unreachable

The connection could not be restored.

Session expired

The server has moved on; the page needs a fresh start.